 Dungeon Crawl Stone Soup version 0.27-a0-906-g0a00ce863d (console) character file.

Game seed: 13993988661667391612

148301 jejorda2 the Phalangite (level 17, -3/193 (213) HPs)
             Began as a Merfolk Berserker on Apr 6, 2021.
             Was a High Priest of Trog.
             Slain by a spectral spriggan air mage (5 damage)
             ... on level 3 of the Swamp.
             The game lasted 01:58:29 (30604 turns).

jejorda2 the Phalangite (Merfolk Berserker)        Turns: 30604, Time: 01:58:30

HP:   -3/193 (213)  AC: 31    Str: 23    XL:     17   Next: 48%
MP:   17/17         EV: 12    Int:  9    God:    Trog [*****.]
Gold: 795           SH:  0    Dex: 15    Spells: 16/16 levels left

rFire    + . .     SeeInvis .   a - +5 glaive (flame)
rCold    + + .     Faith    +   (shield currently unavailable)
rNeg     + . .     Spirit   .   y - +6 chain mail "Kighome" {rF+ rC+ rCorr}
rPois    +         Reflect  .   p - +2 helmet {Int+3}
rElec    .         Harm     .   X - +2 cloak {rC+}
rCorr    +         Rampage  .   h - +2 pair of gloves
Will     +....                  J - +2 pair of boots
Stlth    ..........             n - amulet of faith
HPRegen  0.42/turn              Q - ring of positive energy
MPRegen  0.15/turn              N - ring of poison resistance

@: berserking (expiring), drained, very quick
A: (nimble swimmer 2), mertail
a: Renounce Religion, Berserk, Trog's Hand, Brothers in Arms


You were on level 3 of the Swamp.
You worshipped Trog.
Trog was extremely pleased with you.
You visited 4 branches of the dungeon, and saw 26 of its levels.
You visited the Abyss 1 time.
You also visited: Ossuary, Gauntlet, Ice Cave and Volcano.

You collected 3259 gold pieces.
You spent 2464 gold pieces at shops.

Inventory:

Hand Weapons
 a - a +5 glaive of flaming (weapon)
 b - a +3 antimagic glaive
 w - the +7 short sword "Musoratz" {speed, rElec Dex+4}
   (You found it on level 10 of the Dungeon)

   Attacks with this weapon are significantly faster.
   It affects your dexterity (+4).
   It insulates you from electricity.
Missiles
 c - 83 poisoned darts
 i - 14 curare-tipped darts
 B - 5 throwing nets
 H - 41 boomerangs (quivered)
 I - 8 boomerangs of dispersal
 V - 23 silver javelins
Armour
 h - a +2 pair of gloves (worn)
 p - a +2 helmet of intelligence (worn)
 y - the +6 chain mail "Kighome" (worn) {rF+ rC+ rCorr}
   (You bought it in a shop on level 4 of the Dungeon)

   It protects you from fire.
   It protects you from cold.
   It protects you from acid and corrosion.
 J - a +2 pair of boots (worn)
 X - a +2 cloak of cold resistance (worn)
Jewellery
 n - an amulet of faith (around neck)
 o - a ring of protection from fire
 t - a ring of see invisible
 v - an amulet of guardian spirit
 A - a +4 ring of protection
 C - a ring of willpower
 N - a ring of poison resistance (right hand)
 Q - a ring of positive energy (left hand)
Wands
 k - a wand of paralysis (40)
 l - a wand of iceblast (22)
 m - a wand of digging (2)
 q - a wand of acid (16)
 F - a wand of flame (62)
 O - a wand of polymorph (17)
 R - a wand of mindburst (8)
 S - a wand of charming (9)
Scrolls
 d - 4 scrolls of identify
 f - 2 scrolls of immolation
 z - 7 scrolls of teleportation
 E - a scroll of blinking
 M - 2 scrolls of magic mapping
 T - 4 scrolls of fog
 U - 2 scrolls of fear
 Z - 2 scrolls of holy word
Potions
 e - 6 potions of cancellation
 g - 3 potions of invisibility
 j - 4 potions of haste
 r - 8 potions of mutation
 u - 10 potions of curing
 x - 4 potions of ambrosia
 D - 5 potions of heal wounds
 K - a potion of flight
 L - a potion of resistance
 W - 3 potions of might
Miscellaneous
 s - a lightning rod (inert)


   Skills:
 + Level 15.4 Fighting
 - Level 26.0 Polearms
 + Level 7.2 Throwing
 * Level 10.8 Armour
 + Level 8.8 Dodging
 - Level 2.0 Stealth
 + Level 7.3 Evocations


You had 16 spell levels left.
You didn't know any spells.
Your spell library was empty.

Dungeon Overview and Level Annotations

Branches:
Dungeon (15/15)            Temple (0/1) D:6            Lair (6/6) D:11
  Swamp (3/4) Lair:2        Snake (0/4) Lair:2        Slime (0/5) Lair:5
    Orc (2/2) D:12            Elf (0/3) Orc:2        Vaults (0/5) D:14
 Depths (0/5) D:15        Ossuary (visited)           IceCv (visited)
Volcano (visited)         Gauntlet (visited)

Altars:
Cheibriados
Dithmenos
Gozag
Kikubaaqudgha
Makhleb
Vehumet
Wu Jian
Xom
Yredelemnul
The Shining One
Jiyva

Shops:
D:4 *[   D:6 !   D:8 [   D:12 *   Orc:2 =:**[

Annotations:
D:8 1 runed translucent door, krigyl's ghost, novice MfTm
D:10 2 transporters, Zeld's ghost, journeyman OpCj
D:12 exclusions: orange crystal statue and 2 more exclusions
Swamp:1 1 runed translucent door, ziggurnaut's ghost, journeyman DjWz
Swamp:3 1 transporter


Innate Abilities, Weirdness & Mutations

((You are quick and stealthy near water. (Stealth+, EV+, Speed+++)))
Your lower body shifts to a powerful aquatic tail in water.


Message History

The spectral eight-headed hydra barely misses you.
The spectral eight-headed hydra bites you but does no damage. x2
The spectral eight-headed hydra bites you.
* * * LOW HITPOINT WARNING * * *
The spectral eight-headed hydra bites you but does no damage. x3
Kacaoki's ghost hits you!
* * * LOW HITPOINT WARNING * * *
You partially resist.
You feel drained.
* * * LOW HITPOINT WARNING * * *
The spectral spriggan air mage hits you but does no damage.
You barely miss Kacaoki's ghost.
Kacaoki's ghost is almost destroyed.
The fenstrider witch simulacrum hits you but does no damage.
The fenstrider witch simulacrum barely misses you.
You barely miss Kacaoki's ghost.
Kacaoki's ghost is almost destroyed.
The spectral eight-headed hydra misses you.
The spectral eight-headed hydra bites you but does no damage. x3
The spectral eight-headed hydra closely misses you.
The spectral eight-headed hydra bites you but does no damage.
The spectral eight-headed hydra misses you.
The spectral eight-headed hydra bites you.
* * * LOW HITPOINT WARNING * * *
Kacaoki's ghost hits you but does no damage.
You partially resist.
The spectral spriggan air mage barely misses you.
Unknown command.
You hit Kacaoki's ghost but do no damage.
Kacaoki's ghost is almost destroyed.
The fenstrider witch simulacrum hits you but does no damage.
The fenstrider witch simulacrum kicks you but does no damage.
You slice Kacaoki's ghost!! You burn Kacaoki's ghost.
You destroy Kacaoki's ghost!
Trog accepts your kill.
The spectral eight-headed hydra bites you but does no damage. x4
The spectral eight-headed hydra bites you.
* * * LOW HITPOINT WARNING * * *
The spectral eight-headed hydra bites you but does no damage. x3
The spectral spriggan air mage hits you.
You die...

≈.≈≈≈≈≈≈≈≈≈..♣≈≈..♣♣♣
..≈≈≈≈≈≈≈≈≈≈......♣
≈..≈≈≈§§≈≈≈≈≈....≈♣♣♣♣♣♣
♣♣.≈≈≈≈≈.......©.......♣
≈≈.≈≈≈≈..#############.♣
....≈....#©.$)??!!...#.♣
.≈.≈≈≈≈..#?..........#.♣
..≈≈≈≈≈≈.#..##.Z.##Z.#.♣
≈.≈≈≈≈≈≈.#..#8ZZ@8#..#.♣
.≈≈≈≈≈≈≈.#..##.ZZ##/.#.♣
≈≈≈≈≈≈...#.....©Z....#.♣
≈≈≈§≈≈≈..#).##.††##..#.♣
≈..≈≈≈≈..#..#8...8#..#.♣
≈.♣≈≈≈.≈.#.Z##...##..#.♣
......≈≈.#ZZ.........#.♣
.≈.≈.≈≈≈.#ZZ.........#.♣
♣♣♣♣.≈≈≈.#############.♣


You could see a spectral eight-headed hydra, a spectral spriggan air mage, a
spriggan berserker simulacrum, 2 spriggan air mage simulacra and a fenstrider
witch simulacrum.

Vanquished Creatures
  Kirke (D:15)
  The ghost of Kacaoki the Warrior, an adept MiBe of Trog (Swamp:3)
  The ghost of thegreatwait the Impaler, an adept DsFi of Okawaru (Swamp:2)
  An orc warlord (Orc:2)
  A minotaur (Gauntlet)
  A bunyip (Swamp:3)
  A blizzard demon (IceCv)
  An ettin (Orc:1)
  2 eleionomae (Swamp:1)
  13 hydras
  3 ghost crabs (Swamp:3)
  A vault guard (D:14)
  3 boulder beetles
  An ice dragon (Swamp:3)
  An ogre mage (D:15)
  3 centaur warriors
  A dancing weapon (Volcano)
  3 catoblepae
  A death knight (D:15)
  5 alligators
  9 two-headed ogres
  A deep troll shaman (Lair:6)
  2 thrashing horrors (Abyss:2)
  6 orc high priests (Orc:2)
  5 large abominations
  10 death yaks
  Sonja (Lair:3)
  2 wretched stars (Abyss:2)
  3 spriggan druids
  6 skeletal warriors
  4 goliath frogs (Swamp:1)
  An obsidian statue (D:12)
  A bog body (Swamp:1)
  7 wizards
  A phantasmal warrior (D:15)
  A swamp dragon (Swamp:2)
  2 orc knights
  3 deep elf pyromancers
  3 necromancers
  14 ugly things
  2 orc sorcerers (Orc:2)
  9 will-o-the-wisps
  6 cyclopes
  2 manticores
  5 black mambas
  Maurice (D:8)
  5 toenail golems (Volcano)
  7 elephants
  An ice statue (IceCv)
  A rust devil (Abyss:2)
  An apocalypse crab (Abyss:2)
  13 cane toads
  2 smoke demons (Abyss:2)
  An unseen horror (D:13)
  8 komodo dragons
  A rime drake (Lair:4)
  5 freezing wraiths
  An ancient zyme (Abyss:2)
  3 efreet
  A kobold demonologist (D:11)
  2 anaconda simulacra (IceCv)
  4 ice devils (IceCv)
  5 tyrant leeches
  8 trolls
  2 polar bears
  6 hornets
  6 slime creatures
  22 blink frogs
  5 dream sheep (Lair:5)
  6 raiju (Abyss:2)
  4 shadows
  6 spriggans
  Sigmund (D:4)
  5 wraiths
  3 dire elephant simulacra (IceCv)
  3 wyverns
  A basilisk (Lair:5)
  A hog (D:15)
  41 yaks
  17 humans (D:14)
  A steam dragon (D:7)
  11 wargs
  A death yak simulacrum (IceCv)
  11 vampire mosquitoes
  3 nagas (Lair:2)
  3 harpy simulacra (IceCv)
  17 swamp worms
  3 acid dragons
  3 iron troll simulacra (IceCv)
  2 hydra simulacra (IceCv)
  12 water moccasins
  2 swamp drakes
  23 orc warriors
  8 black bears
  2 ice beasts (D:6)
  A sky beast (D:6)
  2 ettin simulacra (IceCv)
  A necrophage (D:5)
  28 wolves
  8 ogres
  11 centaurs
  A kobold brigand (D:4)
  11 bullfrogs
  An elf skeleton (D:5)
  7 scorpions
  A wyvern skeleton (D:5)
  4 small abominations
  A killer bee (D:8)
  A swamp dragon simulacrum (IceCv)
  A wight (D:6)
  An electric eel (Lair:1)
  5 howler monkeys
  9 centaur zombies
  A draconian simulacrum (IceCv)
  2 hounds
  Crazy Yiuf (D:4)
  2 bullfrog skeletons (D:5)
  A centaur skeleton (D:6)
  A gnoll shaman (D:9)
  2 human zombies
  32 orc priests
  3 jellies (D:6)
  A human skeleton (D:5)
  2 iguanas (Lair:2)
  Natasha (thrice) (D:3)
  28 orc wizards
  A polar bear simulacrum (IceCv)
  A spriggan simulacrum (IceCv)
  A statue (D:5)
  7 troll simulacra (IceCv)
  2 wolf simulacra (IceCv)
  2 killer bee zombies (D:8)
  6 centaur simulacra (IceCv)
  A hound skeleton (D:4)
  3 mummies (Ossuary)
  Robin (D:4)
  4 howler monkey zombies (D:8)
  7 adders
  8 gnolls
  2 naga simulacra (IceCv)
  2 ogre simulacra (IceCv)
  A shadow imp (D:6)
  6 white imps
  4 ufetubi
  5 worms
  4 dart slugs
  93 orcs
  6 endoplasms
  5 giant cockroaches
  6 hobgoblins
  6 jackals
  5 quokkas
  5 ball pythons
  12 bats
  6 frilled lizards
  15 goblins
  2 hobgoblin zombies (Ossuary)
  3 kobolds
  3 kobold zombies (Ossuary)
  3 orc skeletons (D:5)
  2 orc zombies (Ossuary)
  7 rats
872 creatures vanquished.

Vanquished Creatures (collateral kills)
  An Executioner (Abyss:2)
  A blizzard demon (IceCv)
  The ghost of HilariousDeathArtist the Unseen, a journeyman KoWn of the Shining One (D:12)
  A great orb of eyes (D:12)
  A centaur warrior (D:10)
  A death yak (shapeshifter) (D:15)
  A glowing orange brain (D:15)
  A wizard (D:14)
  An ugly thing (D:15)
  2 cane toads (Lair:5)
  Psyche (D:10)
  A rime drake (Lair:5)
  A meliai (D:12)
  3 blink frogs (Lair:5)
  2 slime creatures (D:15)
  2 dream sheep (Lair:5)
  A meliai zombie (D:10)
  A wraith (D:12)
  A wyvern (D:10)
  2 ynoxinuls (Abyss:2)
  6 hogs (D:15)
  A human (D:14)
  A vampire mosquito (Swamp:3)
  A chaos spawn (Abyss:2)
  A large abomination (Abyss:2)
  An acid dragon (D:11)
  A bullfrog (Lair:5)
  An elephant simulacrum (IceCv)
  An orc wizard (D:12)
40 creatures vanquished.

Vanquished Creatures (others)
  A bog body (Swamp:3)
  A wizard (Volcano)
  2 bloated husks
  A vampire mosquito (Swamp:3)
  2 swamp worms
  3 ufetubi (IceCv)
  28 foxfires
  33 fungi
  48 plants
119 creatures vanquished.

Grand Total: 1031 creatures vanquished

Notes
Turn   | Place    | Note
-------+----------+-------------------------------------------
     0 | D:1      | jejorda2 the Merfolk Berserker began the quest for the Orb.
     0 | D:1      | Reached XP level 1. HP: 18/18 MP: 1/1
   468 | D:1      | Reached XP level 2. HP: 24/24 MP: 2/2
   875 | D:1      | Found a faded altar of an unknown god.
  1231 | D:1      | Reached ** piety under Trog
  1388 | D:2      | Reached XP level 3. HP: 24/29 MP: 3/3
  2327 | D:3      | Reached skill level 5 in Polearms
  2359 | D:3      | Noticed a scorpion
  2363 | D:3      | Killed a scorpion
  2364 | D:3      | Reached XP level 4. HP: 37/37 MP: 4/4
  2584 | D:3      | Found a burning altar of Makhleb.
  2716 | D:3      | Reached XP level 5. HP: 42/42 MP: 5/5
  2767 | D:3      | Noticed Natasha
  2778 | D:3      | Killed Natasha
  3444 | D:3      | Noticed Natasha
  3468 | D:3      | Killed Natasha
  3530 | D:3      | Noticed Natasha
  3537 | D:3      | Killed Natasha
  3787 | D:4      | Noticed a kobold brigand
  3821 | D:4      | Killed a kobold brigand
  3822 | D:4      | Reached skill level 6 in Polearms
  3822 | D:4      | Reached XP level 6. HP: 13/49 MP: 6/6
  4274 | D:4      | Found a shimmering altar of Xom.
  4287 | D:4      | Found Gese's Armour Emporium.
  4305 | D:4      | Found an opulent altar of Gozag.
  4305 | D:4      | Found Gozag's Platinum Reserve.
  4353 | D:4      | Noticed Sigmund
  4369 | D:4      | Killed Sigmund
  4370 | D:4      | Reached skill level 5 in Fighting
  4370 | D:4      | Reached XP level 7. HP: 56/56 MP: 7/7
  4460 | D:4      | Noticed Robin
  4495 | D:4      | Reached *** piety under Trog
  4512 | D:4      | Killed Robin
  4765 | D:4      | Found a runed translucent door.
  4766 | D:4      | Noticed Crazy Yiuf
  4772 | D:4      | Killed Crazy Yiuf
  4934 | D:5      | Entered Level 5 of the Dungeon
  4938 | D:5      | Found a radiant altar of Vehumet.
  4996 | D:5      | Reached skill level 7 in Polearms
  5052 | D:5      | Reached XP level 8. HP: 60/64 MP: 8/8
  5056 | D:5      | Found a sand-covered staircase.
  5081 | Ossuary  | Entered an ossuary
  5183 | Ossuary  | Reached skill level 5 in Armour
  5431 | D:5      | Reached skill level 8 in Polearms
  6235 | D:5      | Reached skill level 9 in Polearms
  6280 | D:5      | Reached **** piety under Trog
  6553 | D:6      | Found Ranier's Distillery.
  6632 | D:6      | Reached skill level 10 in Polearms
  6635 | D:6      | Bought a potion of ambrosia for 80 gold pieces
  6635 | D:6      | Bought a potion of might for 40 gold pieces
  6699 | D:6      | Reached XP level 9. HP: 46/69 MP: 9/9
  6701 | D:6      | Reached skill level 1 in Evocations
  7049 | D:6      | Reached skill level 11 in Polearms
  7232 | D:6      | Found an ancient bone altar of Kikubaaqudgha.
  7405 | D:6      | Found a staircase to the Ecumenical Temple.
  7847 | D:7      | Reached skill level 12 in Polearms
  8142 | D:7      | Found a snail-covered altar of Cheibriados.
  8399 | D:7      | Found an ornate altar of the Wu Jian Council.
  8659 | D:8      | Found a runed translucent door.
  8660 | D:8      | Noticed krigyl's ghost (novice MfTm)
  8678 | D:8      | Noticed Maurice
  8694 | D:8      | Killed Maurice
  8695 | D:8      | Reached skill level 13 in Polearms
  8844 | D:8      | Found a basalt altar of Yredelemnul.
  8909 | D:8      | Reached XP level 10. HP: 76/76 MP: 10/10
  8911 | D:8      | Found Rauruqam's Armour Emporium.
  8929 | D:8      | Bought a +2 helmet of intelligence for 258 gold pieces
  9266 | D:8      | Identified the +9 war axe "Gosh" {protect, rPois Will+
                  | Str-4}
  9631 | D:9      | Reached skill level 14 in Polearms
  9631 | D:9      | Reached skill level 5 in Evocations
 10211 | D:9      | Reached skill level 1 in Throwing
 10281 | D:9      | Reached ***** piety under Trog
 10316 | D:9      | Reached skill level 15 in Polearms
 10717 | D:10     | Entered Level 10 of the Dungeon
 10767 | D:10     | Noticed a manticore
 10770 | D:10     | Noticed a two-headed ogre
 10770 | D:10     | Noticed a skeletal warrior
 10772 | D:10     | Noticed a two-headed ogre
 10773 | D:10     | Noticed a centaur warrior
 10799 | D:10     | Noticed Psyche
 10809 | D:10     | Killed Psyche
 10863 | D:10     | Found a transporter.
 10901 | D:10     | Found a transporter.
 10996 | D:10     | Noticed Zeld's ghost (journeyman OpCj)
 11008 | D:10     | Found a transporter.
 11013 | D:10     | Found a transporter.
 11148 | D:10     | Identified the +7 short sword "Musoratz" {speed, rElec
                  | Dex+4}
 11508 | D:11     | Reached skill level 16 in Polearms
 11624 | D:11     | Noticed a two-headed ogre
 11632 | D:11     | Killed a two-headed ogre
 11633 | D:11     | Reached XP level 11. HP: 81/81 MP: 11/11
 11778 | D:11     | Found a staircase to the Lair.
 11840 | D:11     | Noticed a two-headed ogre
 11855 | D:11     | Killed a two-headed ogre
 11878 | D:11     | Found a shadowy altar of Dithmenos.
 12237 | D:11     | Reached skill level 17 in Polearms
 12522 | D:12     | Noticed an orange crystal statue
 12544 | D:12     | You fall into a shaft and drop 2 floors!
 12552 | D:14     | Noticed a deep elf pyromancer
 12552 | D:14     | Noticed a cyclops
 12568 | D:14     | Killed a deep elf pyromancer
 12569 | D:14     | Reached skill level 5 in Throwing
 12576 | D:14     | Killed a cyclops
 12663 | D:13     | Noticed a deep elf pyromancer
 12677 | D:13     | Killed a deep elf pyromancer
 12773 | D:13     | Found an ornate altar of the Wu Jian Council.
 12794 | D:13     | Noticed a six-headed hydra
 12812 | D:13     | Killed a six-headed hydra
 12843 | D:13     | Reached skill level 18 in Polearms
 12928 | D:13     | Noticed a centaur warrior
 12947 | D:13     | Killed a centaur warrior
 12973 | D:13     | Noticed a seven-headed hydra
 12973 | D:13     | Noticed a centaur warrior
 13083 | D:13     | Noticed a boulder beetle
 13101 | D:13     | Killed a boulder beetle
 13142 | D:12     | Noticed a cyclops
 13148 | D:12     | Killed a cyclops
 13149 | D:12     | Reached skill level 19 in Polearms
 13149 | D:12     | Reached XP level 12. HP: 88/88 MP: 12/12
 13406 | D:12     | Noticed a boulder beetle
 13415 | D:12     | Killed a boulder beetle
 13585 | D:12     | Found a runed translucent gate.
 13587 | D:12     | Found a runed translucent gate.
 13602 | D:12     | Found a runed translucent gate.
 13604 | D:12     | Found an opulent altar of Gozag.
 13606 | D:12     | Found Racyn's Assorted Antiques.
 13606 | D:12     | Noticed HilariousDeathArtist's ghost (journeyman KoWn)
 13606 | D:12     | Noticed a great orb of eyes
 13700 | D:12     | Reached skill level 20 in Polearms
 13724 | D:12     | Found a staircase to the Orcish Mines.
 13743 | D:12     | Noticed an eight-headed hydra
 13761 | D:12     | Killed an eight-headed hydra
 14218 | D:12     | Killed a great orb of eyes
 14225 | D:12     | Killed HilariousDeathArtist's ghost
 14230 | D:12     | Reached skill level 5 in Dodging
 14345 | Lair:1   | Entered Level 1 of the Lair of Beasts
 14462 | Lair:1   | Found a gate leading to a gauntlet.
 14497 | Gauntlet | Entered a Gauntlet
 14497 | Gauntlet | Found a transporter.
 14497 | Gauntlet | Found a runed translucent door.
 14497 | Gauntlet | Found a transporter.
 14501 | Gauntlet | Noticed a death scarab
 14503 | Gauntlet | Found a transporter.
 14514 | Gauntlet | Found a runed translucent door.
 14517 | Gauntlet | Found a transporter.
 14533 | Gauntlet | Found a transporter.
 14533 | Gauntlet | Found a transporter.
 14533 | Gauntlet | Found a transporter.
 14535 | Gauntlet | Found a transporter.
 14535 | Gauntlet | Found a transporter.
 14537 | Gauntlet | Noticed a large abomination
 14549 | Gauntlet | Found a transporter.
 14563 | Gauntlet | Noticed a green death
 14565 | Gauntlet | Found a transporter.
 14572 | Gauntlet | Noticed a reaper
 14575 | Gauntlet | Found a transporter.
 14589 | Gauntlet | Found a transporter.
 14609 | Gauntlet | Found a transporter.
 14617 | Gauntlet | Found a runed translucent door.
 14724 | Gauntlet | Identified the +0 pair of boots of Qacwijawne {rF+ rN+}
 14846 | Gauntlet | Killed a large abomination
 14886 | Gauntlet | Identified the amulet "Sishryuze" {Spirit rF- Will+ Dex+3}
 14918 | Gauntlet | Noticed a minotaur
 14930 | Gauntlet | Killed a minotaur
 15344 | D:4      | Bought the +6 chain mail "Kighome" {rF+ rC+ rCorr} for 794
                  | gold pieces
 15625 | Lair:1   | Reached XP level 13. HP: 103/103 MP: 13/13
 15922 | Lair:1   | Reached skill level 1 in Stealth
 15958 | Lair:1   | Reached skill level 10 in Fighting
 16529 | Lair:2   | Found a staircase to the Snake Pit.
 16596 | Lair:2   | Received a gift from Trog
 16643 | Lair:2   | Found a staircase to the Swamp.
 17181 | D:12     | Bought a bone ring for 170 gold pieces
 17382 | Lair:3   | Noticed Sonja
 17385 | Lair:3   | Killed Sonja
 17506 | Lair:3   | Found a dark tunnel.
 17517 | Volcano  | Entered a volcano
 17586 | Volcano  | Cast into level 2 of the Abyss (a wizard)
 17714 | Abyss:2  | Found a corrupted altar of Lugonu.
 17739 | Abyss:2  | Noticed an Executioner
 17746 | Abyss:2  | Killed an Executioner
 17760 | Abyss:2  | Found a corrupted altar of Lugonu.
 17944 | Abyss:2  | Found a corrupted altar of Lugonu.
 17999 | Abyss:2  | Reached XP level 14. HP: 103/115 MP: 14/14
 18014 | Volcano  | Escaped the Abyss
 18132 | Volcano  | Identified the +0 barding "Zibi" {rF++ Stlth+}
 19415 | Lair:4   | Reached skill level 10 in Armour
 19838 | Lair:4   | Reached skill level 21 in Polearms
 19975 | Lair:4   | Found a glowing golden altar of the Shining One.
 20362 | Lair:5   | Found a staircase to the Slime Pits.
 20362 | Lair:5   | Found a viscous altar of Jiyva.
 20487 | Lair:5   | Reached skill level 22 in Polearms
 20693 | Lair:5   | Received a gift from Trog
 20971 | Lair:6   | Entered Level 6 of the Lair of Beasts
 21198 | Lair:6   | Reached XP level 15. HP: 116/120 MP: 15/15
 21360 | Lair:6   | Reached skill level 23 in Polearms
 22592 | D:10     | Reached skill level 24 in Polearms
 22616 | D:10     | Identified the +5 mace "Puryuf" {vorpal, rPois Will+ Str-5}
 22694 | Orc:1    | Entered Level 1 of the Orcish Mines
 22833 | Orc:2    | Entered Level 2 of the Orcish Mines
 22907 | Orc:1    | Received a gift from Trog
 23255 | Orc:1    | Noticed an orc warlord
 23279 | Orc:2    | Killed an orc warlord
 23460 | Orc:1    | Reached ****** piety under Trog
 23743 | Orc:2    | Found Vinuick's Jewellery Boutique.
 23765 | Orc:2    | Received a gift from Trog
 23810 | Orc:2    | Found a staircase to the Elven Halls.
 24012 | Orc:2    | Found Nastrual's Antique Armour Shoppe.
 24012 | Orc:2    | Found Beg Qay's Assorted Antiques.
 24133 | Orc:2    | Found Puyr's General Store.
 24134 | Orc:2    | Found Xushojy's Book Emporium.
 24150 | Orc:2    | Reached XP level 16. HP: 117/131 MP: 16/16
 24169 | Orc:2    | Bought a scroll labelled OPUADYXASO for 34 gold pieces
 24480 | Orc:2    | Bought a pair of glowing boots for 240 gold pieces
 24480 | Orc:2    | Bought a jewelled chain mail for 304 gold pieces
 24480 | Orc:2    | Identified the +1 chain mail of Restlessness {rPois} (You
                  | bought it in a shop on level 2 of the Orcish Mines)
 24480 | Orc:2    | Bought a pair of glowing boots for 240 gold pieces
 24480 | Orc:2    | Bought a brightly glowing chain mail for 304 gold pieces
 24480 | Orc:2    | Identified the +1 chain mail of Jym Kece {Harm rElec Regen+
                  | MP+9} (You bought it in a shop on level 2 of the Orcish
                  | Mines)
 24712 | D:13     | Received a gift from Trog
 24713 | D:13     | Reached skill level 25 in Polearms
 25646 | D:14     | Found a gate to the Vaults.
 26000 | D:15     | Entered Level 15 of the Dungeon
 26002 | D:15     | Noticed Kirke
 26027 | D:15     | Killed Kirke
 26227 | D:15     | Identified the +1 ring mail of Incorporation {rC+}
 26279 | D:15     | Reached skill level 26 in Polearms
 26320 | D:15     | Noticed a storm dragon
 26366 | D:15     | Found a staircase to the Depths.
 26595 | D:15     | HP: 4/201 [freezing wraith[a death knight] (8)]
 26600 | D:15     | HP: 2/134 [poisoned by a death knight]
 26928 | D:15     | Reached skill level 15 in Fighting
 27080 | D:15     | Received a gift from Trog
 27447 | Swamp:1  | Entered Level 1 of the Swamp
 27787 | Swamp:1  | Reached XP level 17. HP: 133/142 MP: 17/17
 27799 | Swamp:1  | Found a runed translucent door.
 27800 | Swamp:1  | Noticed ziggurnaut's ghost (journeyman DjWz)
 28018 | Swamp:2  | Found a radiant altar of Vehumet.
 28493 | Swamp:2  | Found a large runed translucent door.
 28493 | Swamp:2  | Found a large runed translucent door.
 28497 | Swamp:2  | Noticed thegreatwait's ghost (adept DsFi)
 28517 | Swamp:2  | Killed thegreatwait's ghost
 28731 | Swamp:3  | Received a gift from Trog
 28748 | Swamp:3  | Found a frozen archway.
 28785 | IceCv    | Entered an ice cave
 29524 | IceCv    | Identified the +4 whip of Fury {flame, rC- Int+3 Dex+4}
 29805 | Swamp:3  | Found a transporter.
 29810 | Swamp:3  | Noticed Kacaoki's ghost (adept MiBe)
 29833 | Swamp:3  | Found a transporter.
 30600 | Swamp:3  | HP: 7/198 [Kacaoki's ghost (17)]
 30602 | Swamp:3  | HP: 2/193 [spectral eight-headed hydra (2)]
 30604 | Swamp:3  | Killed Kacaoki's ghost
 30604 | Swamp:3  | Slain by a spectral spriggan air mage

Illustrated notes

Levels and vault maps discovered:
D:1:      minmay_arrival_hallway, layout_loops_corners, basic_ecumenical_altar,
          minmay_domino_2
D:2:      layout_loops_corners, kennysheep_another_room
D:3:      layout_basic, lemuel_tele_altar, chequers_serial_rivers_micro_a,
          uniq_natasha
D:4:      layout_rooms, nicolae_gozag_zags_fifth_avenue, lemuel_doored_altar,
          serial_shops, shop, uniq_robin, uniq_sigmund, uniq_crazy_yiuf_cottage
D:5:      old_forge, layout_cave_pools, vehumet_statue,
          nicolae_ossuary_entry_catacombs
D:6:      layout_rooms, amcnicky_altar_gilded, minmay_temple_entry_butterflies,
          serial_shops, shop, kennysheep_generic_room_5
D:7:      layout_basic, cheibriados_altar_1, lemuel_coloured_pillars_altar,
          item_on_display_b
D:8:      layout_gridville, nicolae_yredelemnul_corpse_copse, serial_shops,
          shop, ebering_ghost_reflecting_pool, kennysheep_potato, uniq_maurice
D:9:      layout_basic
D:10:     gammafunk_the_bubble [the_bubble_gammafunk_plus_minus],
          layout_gridville, gammafunk_ghost_hive, uniq_psyche
D:11:     layout_cave_pods, david_lair_shrubbed, roderic_lattice_a,
          grunt_dithmenos_smoke
D:12:     layout_roguey, hiddenorc2_lemuel, ebering_ghost_gozag, disabler_island
D:13:     layout_rooms, nzn_wu_jian_contemplation
D:14:     layout_roguey, grunt_vaults_entry_tiered, minmay_stone_trees_medium
D:15:     gammafunk_enter_depths_forms, layout_basic, minmay_misc_feat_doors,
          uniq_kirke
Lair:1:   wander_river, layout_cave_pods, gauntlet_entry_generic,
          beast_lair_carwin_4, grunt_megastairs_2, serial_bayou_shore_a
Lair:2:   layout_loops_ring, minmay_swamp_entry_reptiles,
          minmay_snake_entry_guardpost_small
Lair:3:   layout_long_grid, enter_volcano_4, infiniplex_staircase_pool_2,
          uniq_sonja
Lair:4:   layout_small_grid, nicolae_lair_grove_arrangements,
          lemuel_centaur_altar, grunt_megastairs_5
Lair:5:   layout_loops_ring, slime_altar_1, grunt_megastairs_3
Lair:6:   grunt_lair_end_beastmaster, layout_layer_cave, worms_lemuel
Swamp:1:  layout_basic_swamp, ebering_ghost_reflecting_pool,
          evilmike_swamp_ruin_house_1
Swamp:2:  layout_falls_marsh, ebering_ghost_disaster_area,
          lemuel_altar_in_water, nzn_swamp_dancing_lights
Swamp:3:  layout_basic_swamp, portal_ice_cave_entry_dragon,
          gammafunk_ghost_mausoleum, evilmike_swamp_ruin_rubble_1
Orc:1:    layout_caves
Orc:2:    st_orc_mages, layout_diamond_mine, guppyfry_orc_lava_fort

Skill      XL: |  1  2  3  4  5  6  7  8  9 10 11 12 13 14 15 16 17 |
---------------+----------------------------------------------------+-----
Armour         | 2 3 4 6 8 10 | 10.8
Polearms       | 5 6 7 10 13 16 19 20 22 24 26 | 26.0
Fighting       | 4 5 6 9 12 13 15 | 15.4
Evocations     | 4 6 7 |  7.3
Throwing       | 4 6 7 |  7.2
Dodging        | 7 8 |  8.8
Stealth        | 2 |  2.0

Action                   |  1- 3 |  4- 6 |  7- 9 | 10-12 | 13-15 | 16-18 || total
-------------------------+-------+-------+-------+-------+-------+-------++-------
Melee: Spear             |   129 |   208 |   518 |       |       |       ||   855
       Trident           |       |       |   185 |   797 |   136 |       ||  1118
       Halberd           |       |       |       |       |   192 |       ||   192
       Short sword       |       |       |       |       |    78 |       ||    78
       Glaive            |       |       |       |       |   949 |   761 ||  1710
       Tailslap          |       |       |       |       |     6 |    10 ||    16
Throw: Dart              |     3 |       |     1 |    18 |    11 |       ||    33
       Javelin           |       |       |       |     4 |       |       ||     4
       Boomerang         |       |       |       |       |     5 |     9 ||    14
Invok: Berserk           |     2 |     2 |     9 |    11 |     5 |     7 ||    36
       Trog's Hand       |       |     2 |     2 |     3 |     7 |    11 ||    25
       Brothers in Arms  |       |       |       |     6 |     3 |     8 ||    17
Evoke: Wand              |       |       |       |     5 |     6 |       ||    11
       Lightning rod     |       |       |       |       |     5 |     4 ||     9
  Use: Scroll            |       |       |    15 |     7 |     2 |     7 ||    31
       Potion            |       |       |       |     1 |     6 |     4 ||    11
 Stab: Distracted        |       |     1 |       |       |     2 |     3 ||     6
       Held in net/web   |       |       |     4 |       |       |       ||     4
       Confused          |       |       |       |       |     1 |       ||     1
       Petrified         |       |       |       |       |     9 |       ||     9
       Petrifying        |       |       |       |       |     2 |       ||     2
Armor: Ring mail         |    24 |    37 |       |       |       |       ||    61
       Animal skin       |     1 |       |       |       |       |       ||     1
       Plate armour      |       |    19 |   361 |   410 |       |       ||   790
       Chain mail        |       |       |       |    15 |   833 |   415 ||  1263
Dodge: Dodged            |    43 |    90 |   136 |   159 |   660 |   258 ||  1346

Table legend: (Time is in decaauts)
 A = Elapsed time spent in this place.
 B = Non-inter-level travel time spent in this place.
 C = Inter-level travel time spent in this place.
 D = Time resting spent in this place.
 E = Time spent auto-exploring this place.
 F = Levels seen in this place.
 G = Mean time per level.
                   A        B        C        D        E       F      G
               +--------+--------+--------+--------+--------+-----+--------+
         Total |  29395 |  27177 |   2218 |   1785 |  18935 |  31 |  948.2 |
       Dungeon |  17370 |  15967 |   1403 |   1077 |  12085 |  15 | 1158.0 |
          Lair |   6006 |   5417 |    589 |    140 |   4042 |   6 | 1001.0 |
         Swamp |   1783 |   1675 |    108 |     59 |   1158 |   3 |  594.3 |
  Orcish Mines |   1749 |   1632 |    117 |    124 |    869 |   2 |  874.5 |
         Abyss |    394 |    394 |      0 |     84 |     13 |   1 |  394.0 |
       Ossuary |    282 |    282 |      0 |      0 |    184 |   1 |  282.0 |
      Ice Cave |    854 |    854 |      0 |    234 |    216 |   1 |  854.0 |
       Volcano |    465 |    465 |      0 |     17 |    219 |   1 |  465.0 |
      Gauntlet |    490 |    490 |      0 |     48 |    147 |   1 |  490.0 |
               +--------+--------+--------+--------+--------+-----+--------+

Top non-repeatable levels by time:
     D:3: 1679 daAuts
     D:5: 1378 daAuts
    D:14: 1329 daAuts
    D:12: 1328 daAuts
  Lair:6: 1302 daAuts
    D:15: 1293 daAuts
     D:1: 1278 daAuts
    D:11: 1256 daAuts
     D:9: 1180 daAuts
   Orc:2: 1107 daAuts
  Lair:1: 1104 daAuts
  Lair:4: 1050 daAuts
     D:7: 1039 daAuts
     D:2: 1039 daAuts
     D:8: 1001 daAuts
